General information
- name: 4 vs 4 come on
- type: Custom game
- host: lunatic-fly
- saver: sc2no.wc4yes
map: LastManStanding
- players: 8
- length: 35:34
- speed: Fast
- version: 1.24 W3XP
- replay type: Public
» download(190 KB)
Players
team 1 (loser)
lunatic-fly (
red | 49 APM | 1404 actions | 28:31)
3 Blademaster
1 Wind Walk
2 Mirror Image
3 Naga Sea Witch
2 Frost Arrows
1 Forked Lightning
» actions
| Basic commands | 9 | |
| Build / train | 50 | |
| Enter build submenu | 16 | |
| Enter hero's abilities submenu | 6 | |
| Remove unit from queue | 3 | |
| Right click | 805 | |
| Select / deselect | 486 | |
| Use ability | 29 | |
1404 total
» units
| Peon | 8 | |
| Wind Rider | 8 | |
| Kodo Beast | 3 | |
| Demolisher | 15 | |
34 total
» upgrades
| Envenomed Spears | 1 | |
| War Drums Damage Increase | 1 | |
| Burning Oil | 1 | |
3 total
» buildings
| Stronghold | 1 | |
| Orc Burrow | 9 | |
| Altar of Storms | 1 | |
| War Mill | 1 | |
| Beastiary | 2 | |
| Fortress | 1 | |
| Barracks | 2 | |
| Great Hall | 1 | |
18 total
» build order
01:20 Stronghold
01:30 Orc Burrow
02:04 Altar of Storms
02:39 War Mill
03:11 Orc Burrow
04:29 Beastiary
04:29 Beastiary
06:47 Orc Burrow
07:38 Orc Burrow
08:25 Orc Burrow
09:12 Orc Burrow
10:42 Orc Burrow
11:10 Fortress
12:17 Orc Burrow
13:46 Orc Burrow
16:11 Barracks
16:41 Great Hall
17:35 Barracks
perrier.alan (
purple | 42 APM | 1502 actions | 35:33)
6 Paladin
3 Devotion Aura
2 Holy Light
1 Resurrection
» actions
| Assign group hotkey | 29 | |
| Basic commands | 1 | |
| Build / train | 62 | |
| ESC pressed | 1 | |
| Enter build submenu | 26 | |
| Enter hero's abilities submenu | 6 | |
| Remove unit from queue | 1 | |
| Right click | 615 | |
| Select / deselect | 377 | |
| Select group hotkey | 326 | |
| Use ability | 58 | |
1502 total
» units
| Peasant | 10 | |
| Footman | 7 | |
| Razormane Medicine Man | 1 | |
| Knight | 13 | |
| Priest | 6 | |
| Wind Rider | 2 | |
39 total
» upgrades
| Plating | 3 | |
| Lumber Harvesting | 2 | |
| Priest Training | 2 | |
| Backpack | 0 | |
| Swords | 3 | |
| Animal War Training | 1 | |
11 total
» buildings
| Altar of Kings | 1 | |
| Barracks | 2 | |
| Farm | 13 | |
| Lumber Mill | 1 | |
| Keep | 1 | |
| Blacksmith | 1 | |
| Castle | 1 | |
| Arcane Vault | 2 | |
| Arcane Sanctum | 3 | |
| Town Hall | 1 | |
| Gryphon Aviary | 1 | |
27 total
» build order
00:06 Altar of Kings
00:08 Barracks
00:11 Farm
01:19 Farm
01:59 Farm
02:44 Lumber Mill
02:55 Barracks
03:59 Keep
04:06 Farm
04:50 Blacksmith
05:30 Farm
06:58 Farm
07:26 Castle
08:45 Arcane Vault
08:48 Arcane Vault
09:25 Arcane Sanctum
09:34 Arcane Sanctum
09:47 Town Hall
10:03 Arcane Sanctum
13:19 Farm
15:51 Farm
17:20 Farm
18:06 Farm
19:50 Gryphon Aviary
20:20 Farm
21:43 Farm
22:39 Farm
» items

»
Luiso (
yellow | 75 APM | 2654 actions | 35:21)
6 Death Knight
3 Death Coil
2 Unholy Aura
1 Animate Dead
5 Pit Lord
2 Howl of Terror
3 Cleaving Attack
» actions
| Assign group hotkey | 14 | |
| Basic commands | 7 | |
| Build / train | 45 | |
| ESC pressed | 2 | |
| Enter build submenu | 21 | |
| Enter hero's abilities submenu | 12 | |
| Give item / drop item | 3 | |
| Right click | 1294 | |
| Select / deselect | 431 | |
| Select group hotkey | 743 | |
| Use ability | 82 | |
2654 total
» units
| Acolyte | 4 | |
| Ghoul | 4 | |
| Goblin Shredder | 1 | |
| Frost Wyrm | 6 | |
| Goblin Zeppelin | 2 | |
| Bronze Dragon | 1 | |
| Necromancer | 1 | |
19 total
» upgrades
| Creature Carapace | 3 | |
| Creature Attack | 3 | |
| Freezing Breath | 1 | |
7 total
» buildings
| Altar of Darkness | 1 | |
| Ziggurat | 12 | |
| Graveyard | 5 | |
| Crypt | 1 | |
| Tomb of Relics | 1 | |
| Halls of the Dead | 1 | |
| Black Citadel | 1 | |
| Sacrificial Pit | 1 | |
| Boneyard | 3 | |
| Spirit Tower | 2 | |
28 total
» build order
00:07 Altar of Darkness
00:09 Ziggurat
00:36 Graveyard
01:00 Crypt
01:36 Ziggurat
01:44 Ziggurat
02:31 Tomb of Relics
04:04 Halls of the Dead
06:18 Ziggurat
06:51 Black Citadel
06:55 Sacrificial Pit
08:39 Ziggurat
08:40 Ziggurat
09:13 Boneyard
09:15 Boneyard
09:16 Boneyard
11:29 Graveyard
11:38 Graveyard
11:42 Graveyard
14:37 Ziggurat
14:38 Ziggurat
14:39 Ziggurat
16:32 Spirit Tower
22:38 Ziggurat
22:39 Ziggurat
22:40 Ziggurat
25:10 Graveyard
25:14 Spirit Tower
» items

»
top[cat]13 (
green | 54 APM | 1546 actions | 28:33)
5 Dark Ranger
3 Black Arrow
2 Life Drain
2 Goblin Tinker
1 Pocket Factory
1 Engineering Upgrade
» actions
| Basic commands | 91 | |
| Build / train | 64 | |
| Enter build submenu | 30 | |
| Enter hero's abilities submenu | 7 | |
| Remove unit from queue | 10 | |
| Right click | 570 | |
| Select / deselect | 705 | |
| Use ability | 69 | |
1546 total
» units
| Acolyte | 3 | |
| Ghoul | 7 | |
| Necromancer | 11 | |
| Meatwagon | 7 | |
| Obsidian Statue | 2 | |
30 total
» upgrades
| Cannibalize | 1 | |
| Exhume Corpses | 1 | |
| Necromancer Training | 2 | |
| Unholy Strength | 3 | |
| Unholy Armor | 3 | |
| Skeletal Longevity | 1 | |
| Skeletal Mastery | 1 | |
12 total
» buildings
| Altar of Darkness | 1 | |
| Ziggurat | 16 | |
| Crypt | 1 | |
| Tomb of Relics | 1 | |
| Halls of the Dead | 1 | |
| Graveyard | 1 | |
| Black Citadel | 1 | |
| Slaughterhouse | 1 | |
| Temple of the Damned | 2 | |
| Spirit Tower | -1 | |
24 total
» build order
00:09 Altar of Darkness
00:13 Ziggurat
00:37 Crypt
00:58 Tomb of Relics
01:10 Ziggurat
02:12 Ziggurat
03:33 Halls of the Dead
04:02 Graveyard
05:33 Ziggurat
05:54 Black Citadel
06:08 Slaughterhouse
06:10 Temple of the Damned
06:18 Temple of the Damned
06:55 Ziggurat
09:26 Ziggurat
09:27 Ziggurat
22:05 Spirit Tower
23:12 Ziggurat
23:22 Ziggurat
23:23 Ziggurat
23:32 Ziggurat
23:36 Ziggurat
23:43 Ziggurat
23:50 Ziggurat
24:11 Spirit Tower
24:18 Spirit Tower
24:28 Spirit Tower
24:39 Spirit Tower
24:49 Spirit Tower
27:33 Ziggurat
27:38 Ziggurat
» items
| Rod of Necromancy | 1 | |
| Orb of Corruption | 1 | |
2 total
team 2 (winner)

»
Tinac (
teal | 86 APM | 441 actions | 05:06)
2 Far Seer
1 Feral Spirit
1 Chain Lighting
» actions
| Assign group hotkey | 14 | |
| Basic commands | 8 | |
| Build / train | 19 | |
| ESC pressed | 1 | |
| Enter build submenu | 7 | |
| Enter hero's abilities submenu | 2 | |
| Right click | 214 | |
| Select / deselect | 84 | |
| Select group hotkey | 73 | |
| Use ability | 19 | |
441 total
» units
| Peon | 8 | |
| Grunt | 4 | |
| Centaur Outrunner | 1 | |
13 total
» buildings
| Altar of Storms | 1 | |
| Orc Burrow | 3 | |
| Barracks | 1 | |
| War Mill | 1 | |
| Stronghold | 1 | |
| Great Hall | 1 | |
8 total
» build order
00:07 Altar of Storms
00:16 Orc Burrow
00:39 Barracks
01:33 Orc Burrow
02:24 War Mill
03:42 Orc Burrow
03:57 Stronghold
04:33 Great Hall
lil_melatten (
blue | 40 APM | 210 actions | 05:15)
1 Death Knight
1 Death Coil
» actions
| Build / train | 16 | |
| Enter build submenu | 8 | |
| Enter hero's abilities submenu | 1 | |
| Remove unit from queue | 1 | |
| Right click | 94 | |
| Select / deselect | 73 | |
| Use ability | 17 | |
210 total
» units
| Acolyte | 3 | |
| Ghoul | 2 | |
| Crypt Fiend | 4 | |
9 total
» buildings
| Crypt | 1 | |
| Graveyard | 1 | |
| Altar of Darkness | 1 | |
| Ziggurat | 3 | |
| Tomb of Relics | 1 | |
| Halls of the Dead | 1 | |
| Spirit Tower | 1 | |
9 total
» build order
00:20 Crypt
00:25 Graveyard
00:43 Altar of Darkness
00:59 Ziggurat
01:16 Tomb of Relics
02:01 Ziggurat
02:40 Ziggurat
04:21 Halls of the Dead
04:27 Spirit Tower
» items
| Rod of Necromancy | 1 | |
| Dust of Appearance | 1 | |
2 total
sc2no.wc4yes (
brown | 75 APM | 2685 actions | 35:34)
6 Archmage
3 Blizzard
3 Brilliance Aura
5 Far Seer
2 Feral Spirit
2 Chain Lighting
1 Earth Quake
6 Death Knight
3 Unholy Aura
2 Death Coil
1 Animate Dead
5 Lich
3 Frost Nova
2 Dark Ritual
1 Crypt Lord
1 Impale
» actions
| Assign group hotkey | 56 | |
| Basic commands | 132 | |
| Build / train | 180 | |
| ESC pressed | 11 | |
| Enter build submenu | 91 | |
| Enter hero's abilities submenu | 23 | |
| Right click | 754 | |
| Select / deselect | 578 | |
| Select group hotkey | 616 | |
| Use ability | 244 | |
2685 total
» units
| Peasant | 16 | |
| Crypt Fiend | 4 | |
| Goblin Shredder | 1 | |
| Troll Batrider | 16 | |
| Obsidian Statue | 3 | |
| Mortar Team | 9 | |
| Goblin Zeppelin | 3 | |
| Acolyte | 4 | |
| Frost Wyrm | 10 | |
| Wind Rider | 4 | |
70 total
» upgrades
| Masonry | 3 | |
| Web | 1 | |
| Creature Carapace | 3 | |
| Creature Attack | 4 | |
| Reinforced Defenses | 1 | |
| Gunpowder | 3 | |
| Magic Sentry | 1 | |
| Fragmentation Shards | 1 | |
| Ranged Weapons | 2 | |
| Armor | 5 | |
| Liquid Fire | 1 | |
| Sorceress Training | 1 | |
| Envenomed Spears | 1 | |
27 total
» buildings
| Altar of Kings | 1 | |
| Lumber Mill | 2 | |
| Farm | 10 | |
| Blacksmith | 1 | |
| Scout Tower | 55 | |
| Guard Tower | 34 | |
| Keep | 1 | |
| Fortress | 1 | |
| Beastiary | 4 | |
| Arcane Tower | 3 | |
| Necropolis | 1 | |
| Black Citadel | 2 | |
| Crypt | 1 | |
| Castle | 2 | |
| Orc Burrow | 3 | |
| Slaughterhouse | 1 | |
| Tomb of Relics | 1 | |
| Arcane Vault | 1 | |
| Voodoo Lounge | 1 | |
| Watch Tower | 14 | |
| Arcane Sanctum | 2 | |
| Sacrificial Pit | 1 | |
| Ziggurat | 4 | |
| Workshop | 3 | |
| Town Hall | 1 | |
| Boneyard | 2 | |
| Spirit Tower | 2 | |
154 total
» build order
00:14 Altar of Kings
00:19 Lumber Mill
01:03 Farm
01:23 Blacksmith
01:41 Farm
02:44 Scout Tower
02:45 Scout Tower
02:46 Scout Tower
02:47 Scout Tower
02:50 Scout Tower
02:52 Scout Tower
02:54 Scout Tower
02:58 Scout Tower
03:18 Guard Tower
03:47 Guard Tower
03:48 Guard Tower
03:55 Farm
04:26 Keep
04:32 Scout Tower
04:37 Scout Tower
04:39 Scout Tower
04:59 Guard Tower
05:02 Scout Tower
05:04 Guard Tower
05:04 Guard Tower
05:06 Guard Tower
05:06 Guard Tower
05:09 Scout Tower
05:10 Scout Tower
05:34 Guard Tower
05:37 Scout Tower
05:38 Guard Tower
05:40 Scout Tower
05:41 Scout Tower
05:42 Scout Tower
05:43 Scout Tower
05:44 Scout Tower
06:12 Guard Tower
06:15 Scout Tower
06:30 Fortress
06:32 Beastiary
06:33 Beastiary
06:33 Beastiary
06:38 Beastiary
06:42 Guard Tower
06:42 Guard Tower
06:44 Arcane Tower
06:44 Arcane Tower
06:44 Arcane Tower
07:13 Necropolis
07:21 Black Citadel
07:21 Black Citadel
07:22 Crypt
07:32 Castle
07:37 Orc Burrow
07:38 Orc Burrow
08:00 Guard Tower
08:00 Guard Tower
08:42 Scout Tower
08:42 Scout Tower
08:43 Scout Tower
08:43 Scout Tower
08:43 Scout Tower
08:44 Scout Tower
08:44 Scout Tower
08:44 Scout Tower
08:45 Scout Tower
08:45 Scout Tower
08:50 Slaughterhouse
08:55 Tomb of Relics
09:13 Scout Tower
09:13 Scout Tower
09:14 Scout Tower
09:14 Scout Tower
09:17 Scout Tower
09:17 Scout Tower
09:19 Arcane Vault
09:22 Guard Tower
09:22 Guard Tower
09:32 Voodoo Lounge
09:34 Watch Tower
09:35 Watch Tower
09:35 Watch Tower
09:38 Watch Tower
09:48 Guard Tower
09:49 Guard Tower
09:56 Guard Tower
10:50 Arcane Sanctum
10:52 Arcane Sanctum
11:23 Watch Tower
11:23 Watch Tower
11:24 Watch Tower
11:24 Watch Tower
11:24 Watch Tower
11:34 Guard Tower
11:37 Scout Tower
11:37 Scout Tower
11:53 Sacrificial Pit
12:00 Ziggurat
12:00 Ziggurat
12:00 Ziggurat
12:01 Ziggurat
12:29 Scout Tower
12:30 Scout Tower
12:59 Guard Tower
13:03 Workshop
13:03 Workshop
13:05 Workshop
13:12 Farm
13:12 Farm
13:12 Farm
13:13 Farm
13:44 Guard Tower
14:13 Farm
14:13 Farm
14:14 Farm
15:01 Scout Tower
15:02 Scout Tower
15:42 Town Hall
15:55 Guard Tower
15:56 Guard Tower
16:15 Boneyard
17:57 Scout Tower
17:58 Scout Tower
17:58 Scout Tower
17:58 Scout Tower
18:00 Scout Tower
18:00 Scout Tower
18:02 Scout Tower
18:02 Scout Tower
18:03 Scout Tower
18:03 Scout Tower
18:04 Scout Tower
18:04 Scout Tower
18:52 Boneyard
18:54 Spirit Tower
18:54 Spirit Tower
19:00 Guard Tower
19:43 Watch Tower
19:43 Watch Tower
19:44 Watch Tower
19:44 Watch Tower
20:06 Guard Tower
20:07 Guard Tower
20:48 Watch Tower
24:03 Lumber Mill
32:48 Orc Burrow
» items
mason123121 (
orange | 13 APM | 326 actions | 25:06)
1 Crypt Lord
1 Spiked Carapace
» actions
| Build / train | 70 | |
| Enter build submenu | 26 | |
| Enter hero's abilities submenu | 1 | |
| Remove unit from queue | 1 | |
| Right click | 70 | |
| Select / deselect | 135 | |
| Use ability | 23 | |
326 total
» units
| Acolyte | 4 | |
| Ghoul | 4 | |
| Gargoyle | 8 | |
| Crypt Fiend | 9 | |
| Meatwagon | 2 | |
| Obsidian Statue | 3 | |
| Abomination | 4 | |
| Necromancer | 6 | |
| Banshee | 3 | |
43 total
» upgrades
| Necromancer Training | 2 | |
| Banshee Training | 3 | |
| Skeletal Longevity | 1 | |
| Burrow | 1 | |
| Unholy Strength | 1 | |
| Creature Attack | 1 | |
| Unholy Armor | 1 | |
| Creature Carapace | 1 | |
| Cannibalize | 1 | |
| Ghoul Frenzy | 1 | |
| Web | 1 | |
| Stone Form | 1 | |
| Destroyer Form | 1 | |
| Exhume Corpses | 1 | |
| Disease Cloud | 1 | |
| Skeletal Mastery | 1 | |
| Freezing Breath | 1 | |
20 total
» buildings
| Crypt | 1 | |
| Graveyard | 1 | |
| Ziggurat | 10 | |
| Halls of the Dead | 1 | |
| Nerubian Tower | 1 | |
| Altar of Darkness | 1 | |
| Temple of the Damned | 1 | |
| Slaughterhouse | 1 | |
| Sacrificial Pit | 2 | |
| Black Citadel | 1 | |
| Tomb of Relics | 1 | |
| Boneyard | 1 | |
22 total
» build order
01:15 Crypt
02:04 Graveyard
02:16 Ziggurat
02:49 Halls of the Dead
03:22 Nerubian Tower
03:49 Ziggurat
04:17 Altar of Darkness
04:39 Ziggurat
04:45 Ziggurat
05:43 Temple of the Damned
05:56 Slaughterhouse
07:07 Sacrificial Pit
07:19 Black Citadel
08:05 Sacrificial Pit
08:19 Tomb of Relics
09:49 Boneyard
13:35 Ziggurat
13:43 Ziggurat
18:14 Ziggurat
18:33 Ziggurat
18:39 Ziggurat
18:47 Ziggurat
» items
Chat log
(00:51 / All) lil_melatten: gl hf
(00:52 / All) Tinac: gl hf
(00:58 / All) perrier.alan: same
(01:03 / All) Tinac: )
(05:06 / All) perrier.alan: yall niggas better not leave if he drops
(05:13 / All) lil_melatten: shut up nigger
(24:11 / Allies) sc2no.wc4yes: back
(28:01 / All) sc2no.wc4yes: 1v4
(28:02 / All) sc2no.wc4yes: lol
(28:17 / All) perrier.alan: gj
(35:28 / All) perrier.alan: lol gg